 Dungeon Sprint DCSS version 0.28-a0-938-gbc3f381ebc (webtiles) character file.

Game seed: 16107079192764222832

1988 mhtbhm the Basher (level 9, -1/100 HPs)
             Began as a Gargoyle Berserker on Nov 28, 2021.
             Was an Elder of Trog.
             Killed from afar by a lindwurm (27 damage)
             ... with a blast of flame
             ... in the Dungeon (Sprint I: "Red Sonja").
             The game lasted 00:01:53 (1038 turns).

mhtbhm the Basher (Gargoyle Berserker)              Turns: 1038, Time: 00:01:54

Health: -1/100     AC: 13    Str: 25    XL:     9   Next: 21%
Magic:  9/9        EV: 12    Int:  7    God:    Trog [****..]
Gold:   812        SH:  0    Dex:  9    Spells: 8/8 levels left

rFire   . . .      SeeInvis .   a - +0 mace
rCold   . . .      Faith    .   (no shield)
rNeg    + . .      Spirit   .   b - +0 ring mail
rPois   ∞          Reflect  .   (no helmet)
rElec   +          Harm     .   (no cloak)
rCorr   .          Rampage  .   (no gloves)
Will    .....      NoTele   +   (no boots)
Stlth   ..........              (no amulet)
HPRegen 0.26/turn               (no ring)
MPRegen 0.11/turn               (no ring)

@: berserking, very quick
A: sickness immunity, AC +6, negative energy resistance 1, electricity
resistance, torment resistance 1, petrification resistance
a: Renounce Religion, Berserk, Trog's Hand, Brothers in Arms


You were in the Dungeon.
You worshipped Trog.
Trog was greatly pleased with you.
You visited 1 branch You collected 812 gold pieces.

Inventory:

Hand Weapons
 a - a +0 mace (weapon)
Missiles
 i - 10 curare-tipped darts (quivered)
Armour
 b - a +0 ring mail (worn)
Wands
 j - a wand of digging (3)
Scrolls
 h - 2 scrolls of blinking
 k - 2 scrolls of immolation {unknown}
 l - a scroll of fog {unknown}
Potions
 c - 4 potions of curing
 d - 2 potions of heal wounds
 e - a potion of haste
 f - 2 potions of magic
 g - a potion of berserk rage


   Skills:
 + Level 12.8 Fighting
 + Level 12.8 Maces & Flails
 + Level 8.8 Armour
 + Level 5.9 Dodging
 + Level 2.2 Stealth
 + Level 4.0 Unarmed Combat


You had 8 spell levels left.
You didn't know any spells.
Your spell library was empty.

Dungeon Overview and Level Annotations

Branches:
Dungeon (1/1)

Altars:
Cheibriados
Dithmenos
Elyvilon
Fedhas
Gozag
Hepliaklqana
Kikubaaqudgha
Makhleb
Nemelex Xobeh
Okawaru
Qazlal
Ru
Sif Muna
Trog
Uskayaw
Vehumet
Wu Jian
Xom
Yredelemnul
Zin
The Shining One
Jiyva
Lugonu

Shops:
D [:[


Innate Abilities, Weirdness & Mutations

You are immune to sickness and miasma.
Your stone body is resilient. (AC +6)
You are immune to poison.
You resist negative energy. (rN+)
You are resistant to electric shocks. (rElec)
You are resistant to unholy torment.
You are immune to petrification.


Message History

You hit the lindwurm.
The lindwurm is lightly wounded.
The lindwurm bites you!
The lindwurm claws you but does no damage. x2
You sock the lindwurm!
The lindwurm is moderately wounded.
The lindwurm bites you but does no damage.
The lindwurm claws you but does no damage.
The lindwurm claws you.
You hit the lindwurm but do no damage.
The lindwurm is moderately wounded.
The lindwurm bites you. The lindwurm claws you.
The lindwurm claws you but does no damage.
You hit the lindwurm.
The lindwurm is moderately wounded.
The lindwurm closely misses you.
The lindwurm claws you but does no damage.
The lindwurm claws you.
You are too injured to fight recklessly!
You are too injured to fight recklessly!
You are too injured to fight recklessly!
You are too injured to fight recklessly!
You are too injured to fight recklessly!
You are too injured to fight recklessly!
You are too injured to fight recklessly!
You are too injured to fight recklessly!
You are too injured to fight recklessly!
You are too injured to fight recklessly!
A red film seems to cover your vision as you go berserk!
You feel yourself moving faster!
You feel mighty! The lindwurm breathes flames at you.
The blast of flame hits you!!
* * * LOW HITPOINT WARNING * * *
You thump the lindwurm!
The lindwurm is heavily wounded.
You thump the lindwurm!
The lindwurm is severely wounded.
The lindwurm breathes flames at you. The blast of flame hits you!!
You die...

#######################
.'..#__#..').§.(@k§§§§+
.#..'..'..#).§##+#§####
###'#__####...+ #
..#)#### ##### .##.#
'#_.+ ..._# _.#'##+###
#'#.#...(###


You could see a lindwurm (catching breath).

Vanquished Creatures
  A deep troll (D)
  2 kobold demonologists (D)
  A polar bear (D)
  A slime creature (D)
  Sigmund (D)
  A yak (D)
  A floating eye (D)
  An ogre (D)
  A jelly (D)
  Ijyb (D)
11 creatures vanquished.

Vanquished Creatures (others)
  2 ballistomycete spores (D)
2 creatures vanquished.

Grand Total: 13 creatures vanquished

Notes
Turn   | Place    | Note
-------+----------+-------------------------------------------
     0 | D        | mhtbhm the Gargoyle Berserker began the quest for the Orb.
     0 | D        | Reached XP level 1. HP: 14/14 MP: 1/1
     2 | D        | Noticed Ijyb
    15 | D        | Killed Ijyb
    16 | D        | Reached skill level 5 in Fighting
    16 | D        | Reached XP level 2. HP: 21/21 MP: 2/2
    16 | D        | Reached XP level 3. HP: 26/26 MP: 3/3
    54 | D        | Noticed an ogre
    61 | D        | Killed an ogre
    62 | D        | Reached skill level 1 in Unarmed Combat
    62 | D        | Reached XP level 4. HP: 15/34 MP: 4/4
   265 | D        | Noticed Sigmund
   273 | D        | Killed Sigmund
   273 | D        | Reached ** piety under Trog
   274 | D        | Reached skill level 5 in Armour
   274 | D        | Reached XP level 5. HP: 40/40 MP: 5/5
   274 | D        | Reached XP level 6. HP: 45/45 MP: 6/6
   314 | D        | Found an ornate altar of the Wu Jian Council.
   314 | D        | Found a shimmering blue altar of Sif Muna.
   316 | D        | Found a radiant altar of Vehumet.
   362 | D        | Found Weabyoqo's Book Emporium.
   362 | D        | Found an ancient bone altar of Kikubaaqudgha.
   362 | D        | Found a hazy altar of Hepliaklqana.
   362 | D        | Found a stormy altar of Qazlal.
   362 | D        | Found a hide-covered altar of Uskayaw.
   362 | D        | Found a blossoming altar of Fedhas.
   362 | D        | Found a bloodstained altar of Trog.
   362 | D        | Found an iron altar of Okawaru.
   362 | D        | Found a basalt altar of Yredelemnul.
   362 | D        | Found a glowing golden altar of the Shining One.
   362 | D        | Found a snail-covered altar of Cheibriados.
   362 | D        | Found a sacrificial altar of Ru.
   362 | D        | Found a glowing silver altar of Zin.
   362 | D        | Found a shadowy altar of Dithmenos.
   362 | D        | Found a white marble altar of Elyvilon.
   362 | D        | Noticed a yak
   370 | D        | Killed a yak
   371 | D        | Reached skill level 10 in Fighting
   371 | D        | Reached skill level 1 in Stealth
   371 | D        | Reached XP level 7. HP: 37/52 MP: 7/7
   371 | D        | Found an opulent altar of Gozag.
   372 | D        | Found a sparkling altar of Nemelex Xobeh.
   523 | D        | Found a burning altar of Makhleb.
   523 | D        | Found a viscous altar of Jiyva.
   523 | D        | Found a shimmering altar of Xom.
   523 | D        | Found a corrupted altar of Lugonu.
   523 | D        | Noticed a slime creature
   530 | D        | Killed a slime creature
   531 | D        | Reached skill level 10 in Maces & Flails
   577 | D        | Noticed Sonja
   578 | D        | Noticed Sonja
   578 | D        | Sonja changed into Sonja the polar bear
   590 | D        | Killed Sonja the polar bear
   590 | D        | Reached *** piety under Trog
   591 | D        | Reached XP level 8. HP: 40/60 MP: 8/8
   713 | D        | Found Ristrur's Armour Boutique.
   801 | D        | Noticed a deep troll
   813 | D        | Killed a deep troll
   814 | D        | Reached skill level 5 in Dodging
   823 | D        | Found Jiynore Kewy's Armour Emporium.
   934 | D        | Noticed a kobold demonologist
   935 | D        | Paralysed by a floating eye for 3 turns
   939 | D        | Noticed a kobold demonologist
   941 | D        | Noticed a ynoxinul
   947 | D        | Noticed a red devil
   949 | D        | Killed a kobold demonologist
   950 | D        | Reached XP level 9. HP: 66/66 MP: 9/9
   955 | D        | Killed a kobold demonologist
   955 | D        | Reached **** piety under Trog
  1028 | D        | Noticed a lindwurm
  1038 | D        | Killed from afar by a lindwurm

Illustrated notes

Levels and vault maps discovered:
D:        dungeon_sprint_1 [red_sonja_temple_1, red_sonja_temple_small_1]

Skill      XL: |  1  2  3  4  5  6  7  8  9 |
---------------+----------------------------+-----
Fighting       | 5 7 8 10 11 12 | 12.8
Maces & Flails | 4 6 8 9 11 12 | 12.8
Dodging        | 2 3 4 5 |  5.9
Armour         | 3 5 6 8 |  8.8
Unarmed Combat | 1 2 3 4 |  4.0
Stealth        | 1 2 |  2.2

Action                   |  1- 3 |  4- 6 |  7- 9 || total
-------------------------+-------+-------+-------++-------
Melee: Unarmed           |    11 |       |       ||    11
       Mace              |     6 |    16 |    50 ||    72
       Punch             |       |     1 |       ||     1
Throw: Dart              |       |       |     1 ||     1
Invok: Berserk           |     2 |     3 |     5 ||    10
Evoke: Wand              |       |       |     2 ||     2
Armor: Ring mail         |       |     2 |    22 ||    24
Dodge: Dodged            |     6 |     6 |    20 ||    32

Table legend: (Time is in decaauts)
 A = Elapsed time spent in this place.
 B = Non-inter-level travel time spent in this place.
 C = Inter-level travel time spent in this place.
 D = Time resting spent in this place.
 E = Time spent auto-exploring this place.
 F = Levels seen in this place.
 G = Mean time per level.
                   A        B        C        D        E       F      G
               +--------+--------+--------+--------+--------+-----+--------+
         Total |   1094 |   1094 |      0 |    725 |      0 |   1 | 1094.0 |
       Dungeon |   1094 |   1094 |      0 |    725 |      0 |   1 | 1094.0 |
               +--------+--------+--------+--------+--------+-----+--------+

Top non-repeatable levels by time:
       D: 1094 daAuts
